 Dungeon Crawl Stone Soup version 0.17-a0-1939-ga475588 (webtiles) character file.

124 KambridgeKobold the Insei (level 5, -7/46 HPs)
             Began as a Hill Orc Monk on Sept 29, 2015.
             Was a Believer of Beogh.
             Killed by divine providence
             ... invoked by an orc priest
              (8 damage)
             ... on level 3 of the Dungeon.
             The game lasted 00:05:54 (2536 turns).

KambridgeKobold the Insei (Hill Orc Monk)           Turns: 2536, Time: 00:05:55

Health: -7/46      AC: 12    Str: 14    XL:     5   Next: 8%
Magic:  5/5        EV:  4    Int: 10    God:    Beogh [**....]
Gold:   242        SH:  4    Dex: 14    Spells: 0 memorised, 4 levels left

rFire  . . .     SeeInvis .     c - +0 whip (drain)
rCold  . . .     Clarity  .     q - +0 plate armour
rNeg   . . .     SustAt   .     s - +0 buckler
rPois  .         Gourm    .     d - +0 helmet
rElec  .         Spirit   .     (no cloak)
rCorr  .         Warding  .     (no gloves)
rMut   .         Stasis   .     (no boots)
MR     .....                    (no amulet)
Stlth  ..........               (no ring)
                                (no ring)

@: flying, not resistant to hostile enchantments, extremely unstealthy
A: no striking features
a: Smiting, Renounce Religion


You were on level 3 of the Dungeon.
You worshipped Beogh.
Beogh was pleased with you.
You were not hungry.

You visited 1 branch of the dungeon, and saw 3 of its levels.

You collected 242 gold pieces.

Inventory:

Hand weapons
 c - a +0 whip of draining (weapon)
Armour
 a - a +0 robe
 d - a +0 helmet (worn)
 q - a +0 plate armour (worn)
 s - a +0 buckler (worn)
Jewellery
 r - an uncursed ring of sustain attributes {unknown}
Magical devices
 p - a wand of slowing (23)
Scrolls
 e - 2 scrolls of random uselessness {unknown}
 g - a scroll of remove curse {unknown}
 h - a scroll of enchant armour {unknown}
 i - 2 scrolls of identify {unknown}
 o - a scroll of noise {unknown}
 v - a scroll of teleportation {unknown}
 y - a scroll of fog {unknown}
Potions
 j - a potion of flight
 m - a potion of degeneration {unknown}
 n - a potion of might {unknown}
 t - a potion of heal wounds {unknown}
 w - a potion of brilliance {unknown}
Comestibles
 b - 2 bread rations
 f - a fruit
 k - a beef jerky
 l - a slice of pizza
 u - 2 chunks of flesh
 x - a meat ration


   Skills:
 - Level 4.2 Fighting
 + Level 2.7 Maces & Flails
 + Level 2.0 Armour
 - Level 2.9 Dodging
 - Level 1.5 Stealth
 + Level 1.3 Shields
 - Level 4.3 Unarmed Combat


You had 4 spell levels left.
You didn't know any spells.

Dungeon Overview and Level Annotations

Branches:
Dungeon (3/15)

Altars:
Elyvilon
Yredelemnul


Message History

Beogh accepts your kill.
You hit the orc priest but do no damage.
The orc priest hits you with a club.
* * * LOW HITPOINT WARNING * * *
You hit the orc priest but do no damage.
You drain the orc priest!
The orc priest is lightly wounded.
The orc priest hits you with a club. Beogh protects you from harm!
Drink which item? (? for menu, Esc to quit)
It was a potion of flight.
You feel very buoyant.
You fly up into the air.
The orc priest mumbles some strange prayers to Beogh against you.
Something smites you! Beogh protects you from harm!
The orc priest invokes the aid of Beogh against you.
Something smites you!
You die...
Beogh appreciates the orc priest's killing of a heretic priest.

##..#.#......<..#.#
#...#.#..#####..#.#
#.................#
#..##..###..##..#.#
.......# #......#.#
#..##..# #.####.#.#
#.. #... ..# #.#.#
# #.##.###
#.#.###########
.....
#.@..oo†)).....
####
###.########### #.#
#.# ..# ###


You could see an orc priest and an orc.

Vanquished Creatures
  An orc wizard (D:3)
  3 adders
  2 worms (D:2)
  2 orcs (D:3)
  A ball python (D:2)
  6 bats
  A giant cockroach (D:1)
  5 goblins
  7 hobgoblins
  4 jackals (D:1)
  2 quokkas
  5 giant newts
  6 kobolds
  6 rats
51 creatures vanquished.

Vanquished Creatures (others)
  An orc wizard (D:3)
  An orc (D:3)
2 creatures vanquished.

Grand Total: 53 creatures vanquished

Notes
Turn   | Place    | Note
--------------------------------------------------------------
     0 | D:1      | KambridgeKobold the Hill Orc Monk began the quest for the Orb.
     0 | D:1      | Reached XP level 1. HP: 19/19 MP: 1/1
   152 | D:1      | Reached XP level 2. HP: 16/27 MP: 2/2
   404 | D:1      | Reached skill level 1 in Maces & Flails
   746 | D:1      | Reached XP level 3. HP: 33/33 MP: 3/3
  1684 | D:2      | Found a white marble altar of Elyvilon.
  2093 | D:3      | Reached XP level 4. HP: 33/40 MP: 4/4
  2376 | D:3      | Found a basalt altar of Yredelemnul.
  2463 | D:3      | Reached skill level 1 in Armour
  2468 | D:3      | Became a worshipper of Beogh the Brigand
  2468 | D:3      | Acquired Beogh's first power
  2468 | D:3      | Acquired Beogh's second power
  2481 | D:3      | Reached skill level 1 in Shields
  2528 | D:3      | Reached XP level 5. HP: 19/46 MP: 5/5
  2531 | D:3      | HP: 1/46 [orc priest/club (3)]
  2532 | D:3      | Beogh protects you from harm!
  2534 | D:3      | Beogh protects you from harm!
  2536 | D:3      | Killed from afar by an orc priest

Vault maps used:
D:1:      sevenhm_arrival_forest_fort_large_2, minmay_misc_feat_roman
D:2:      elyvilon_altar_3
D:3:      nicolae_overflow_hidden_temple, grunt_decor_fettered,
          guppyfry_early_orc_mine

Action                   |  1- 3 |  4- 6 || total
-------------------------+-------+-------++-------
Melee: Whip              |   151 |    77 ||   228
Invok: Convert to Beogh  |       |     1 ||     1
  Use: Potion            |       |     1 ||     1
 Stab: Sleeping          |     2 |       ||     2
  Eat: Chunk             |     3 |     2 ||     5
